 Dungeon Crawl Stone Soup version 0.21.1-1-g345015fe64 (webtiles) character file.

32 Kholdaimon the Sneak (level 3, 0/25 HPs)
             Began as a Vampire Enchanter on June 23, 2018.
             Slain by a hobgoblin
             ... wielding a +0 club
              (1 damage)
             ... on level 1 of the Dungeon.
             The game lasted 00:08:25 (1439 turns).

Kholdaimon the Sneak (Vampire Enchanter)            Turns: 1439, Time: 00:08:25

Health: 0/25       AC:  3    Str:  8    XL:     3   Next: 10%
Magic:  1/6        EV: 12    Int: 17    God:
Gold:   20         SH:  0    Dex: 14    Spells: 3/6 levels left

rFire    . . .     SeeInvis +   a - +1 dagger
rCold    + . .     Gourm    .   (no shield)
rNeg     + + .     Faith    .   h - +0 leather armour
rPois    +         Spirit   .   (no helmet)
rElec    .         Reflect  .   (no cloak)
rCorr    .         Harm     .   (no gloves)
MR       .....                  (no boots)
Stlth    ++++......             (no amulet)
HPRegen  0.04/turn              (no ring)
MPRegen  0.10/turn              (no ring)

@: regenerating slowly, hasted, very quick
A: fangs 3, see invisible, unbreathing
a: Bat Form


You were on level 1 of the Dungeon.
You were very thirsty.

You visited 1 branch of the dungeon, and saw 2 of its levels.

You collected 20 gold pieces.

Inventory:

Hand Weapons
 a - a +1 dagger (weapon)
Missiles
 e - 13 poisoned needles
 f - 24 bolts
Armour
 b - a +0 robe
 h - a +0 leather armour (worn)
 k - a +0 ring mail
Scrolls
 g - 2 scrolls of remove curse {unknown}
 i - a scroll of identify
 m - a scroll of noise {unknown}
Potions
 d - 12 potions of blood
 l - a potion of mutation
Books
 c - a book of Maledictions

   Spells                             Type                      Level
   a - Corona                         Hexes                        1
   b - Ensorcelled Hibernation        Hexes/Ice                    2
   c - Confuse                        Hexes                        3
   d - Tukima's Dance                 Hexes                        3
   e - Dazzling Spray                 Conjuration/Hexes            3


   Skills:
 + Level 0.7 Fighting
 + Level 1.6 Short Blades
 + Level 2.6 Dodging
 + Level 4.8 Stealth
 + Level 2.2 Spellcasting
 + Level 4.7 Hexes


You had 3 spell levels left.
You knew the following spells:

 Your Spells              Type           Power        Failure   Level  Hunger
a - Corona                Hex            ###....      3%          1    #......
b - Ensorcelled Hibernat  Hex/Ice        #.....       16%         2    ###....


Dungeon Overview and Level Annotations

Branches:
Dungeon (2/15)

Altars:


Innate Abilities, Weirdness & Mutations

You heal slowly.
You have razor-sharp teeth.
You have supernaturally acute eyesight. (SInv)
You can survive without breathing.


Message History

The hobgoblin is lightly wounded.
The quokka closely misses you. The hobgoblin misses you.
The ooze barely misses you.
You hit the hobgoblin.
The hobgoblin is almost dead.
The quokka bites you. The hobgoblin misses you. The ooze closely misses you.
The quokka closely misses you.
You hit the hobgoblin but do no damage.
The hobgoblin is almost dead.
The hobgoblin barely misses you. The quokka bites you.
* * * LOW HITPOINT WARNING * * *
You closely miss the hobgoblin.
The hobgoblin is almost dead.
The ooze completely misses you. The quokka bites you.
* * * LOW HITPOINT WARNING * * *
The hobgoblin hits you but does no damage.
You feel yourself speed up. The ooze barely misses you. The quokka bites you.
* * * LOW HITPOINT WARNING * * *
The hobgoblin hits you with a club.
You die...

##### #.g@# ##
#.rJ# .## #..)#
..############...#
#................#
###..............#
..###............#
#)#.##...........#
#...###..........#


You could see an ooze, a quokka and a hobgoblin.

Vanquished Creatures
  An adder (D:1)
  A dart slug (D:1)
  A ball python (D:1)
  4 bats (D:1)
  A giant cockroach (D:1)
  7 goblins (D:1)
  A hobgoblin (D:1)
  2 frilled lizards (D:1)
  2 kobolds (D:1)
  2 rats (D:1)
22 creatures vanquished.

Notes
Turn   | Place    | Note
-------+----------+-------------------------------------------
     0 | D:1      | Kholdaimon the Vampire Enchanter began the quest for the Orb.
     0 | D:1      | Reached XP level 1. HP: 13/13 MP: 3/3
   443 | D:1      | Reached XP level 2. HP: 20/20 MP: 5/5
  1427 | D:1      | Learned a level 2 spell: Ensorcelled Hibernation
  1432 | D:1      | Reached XP level 3. HP: 20/25 MP: 3/6
  1439 | D:1      | HP: 1/25 [quokka (4)]
  1439 | D:1      | Slain by a hobgoblin

Action                   || total
-------------------------++-------
Melee: Dagger            ||   106
       Bite              ||     6
 Cast: Ensorcelled Hiber ||     2
  Use: Scroll            ||     2
       Potion            ||     1
 Stab: Sleeping          ||     7
Armor: Robe              ||    17
       Leather armour    ||     3
Dodge: Dodged            ||   106
